 Dungeon Crawl Stone Soup version 0.28.0-47-ge53b351184 (webtiles) character file.

Game seed: 17395788022053501252

86 101zpm the Magician (level 4, 0/31 HPs)
             Began as a Djinni Ice Elementalist on Apr 26, 2022.
             Slain by a white imp (3 damage)
             ... on level 3 of the Dungeon.
             The game lasted 00:03:06 (2554 turns).

101zpm the Magician (Djinni Ice Elementalist)       Turns: 2554, Time: 00:03:07

Health: 0/31       AC:  2    Str:  7    XL:     4   Next: 78%
Gold:   87         EV: 12    Int: 18    God:
                   SH:  0    Dex: 14

rFire   + + .      SeeInvis .   d - +0 whip (elec)
rCold   x . .      Faith    .   (no shield)
rNeg    . . .      Spirit   .   a - +0 robe
rPois   ∞          Reflect  .   (no helmet)
rElec   .          Harm     .   (no cloak)
rCorr   .          Rampage  .   (no gloves)
Will    .....                   (boots unavailable)
Stlth   ++........              (no amulet)
HPRegen 0.10/turn               (no ring)
MPRegen 0.00/turn               (no ring)

@: flying
A: sickness immunity, fire resistance 2, cold vulnerability 1, float, innate
caster, HP casting, extra vitality 1
a: no special abilities


You were on level 3 of the Dungeon.
You visited 1 branch of the dungeon, and saw 3 of its levels.

You collected 87 gold pieces.

Inventory:

Hand Weapons
 d - a +0 whip of electrocution (weapon)
Armour
 a - a +0 robe (worn)
Jewellery
 j - a +6 ring of strength
Scrolls
 b - 2 scrolls of identify {unknown}
 e - a scroll of silence {unknown}
 g - 2 scrolls of holy word {unknown}
 h - a scroll of teleportation {unknown}
Potions
 c - a potion of magic {unknown}
 f - a potion of flight {unknown}
 i - a potion of curing {unknown}


   Skills:
 + Level 0.1 Maces & Flails
 + Level 2.2 Dodging
 + Level 1.7 Stealth
 + Level 4.5 Spellcasting


You couldn't memorise any spells.
You knew the following spells:

 Your Spells              Type           Power      Damage    Failure   Level
a - Freeze                Ice            80%        1d9       2%          1
b - Frozen Ramparts       Ice            40%        1d6       7%          3
c - Ozocubu's Armour      Ice            20%        N/A       7%          3
d - Hailstorm             Conj/Ice       20%        3d6       22%         4
e - Shock                 Conj/Air       80%        1d8       2%          1
Your spell library was empty.

Dungeon Overview and Level Annotations

Branches:
Dungeon (3/15)

Altars:
Ashenzari
Uskayaw


Innate Abilities, Weirdness & Mutations

You are immune to sickness and miasma.
You are immune to poison.
Your flesh is very heat resistant. (rF++)
You are vulnerable to cold. (rC-)
You float through the air rather than walking.
You learn spells naturally, not from books.
Your magical power is your life essence.
You have superior vitality. (+4 MHP)


Message History

No target in view!
The endoplasm quivers.
Found a large tourmaline ring.
The endoplasm hits you but does no damage.
You freeze the endoplasm.
The endoplasm is severely wounded.
The endoplasm completely misses you.
You freeze the endoplasm.
You kill the endoplasm!
j - a +6 ring of strength A white imp comes into view.
You can't see any susceptible monsters within range! (Use Z to cast anyway.)
The white imp barely misses you.
You freeze the white imp.
The white imp resists.
The white imp is lightly wounded.
The white imp closely misses you.
You freeze the white imp.
The white imp resists.
The white imp is moderately wounded.
The white imp gestures at you. The puff of frost hits you.
You feel a terrible chill!
You freeze the white imp but do no damage.
The white imp completely resists.
The white imp hits you. The white imp freezes you!
You feel a terrible chill!
You are too injured to fight recklessly!
Aiming: Freeze (safe; 2% risk of failure)
Press: ? - help, Q - select action, (/) - cycle Shift-Dir - straight line, f/p - white imp
Aim: a white imp (moderately wounded)
You freeze the white imp but do no damage.
The white imp completely resists.
The white imp hits you. The white imp freezes you!
You feel a terrible chill!
* * * LOW HITPOINT WARNING * * *
You hit the white imp.
The white imp is moderately wounded.
The white imp hits you but does no damage.
You closely miss the white imp.
The white imp is moderately wounded.
The white imp hits you.
* * * LOW HITPOINT WARNING * * *
The white imp freezes you.
You feel a terrible chill!
You die...

..##.####...#.###.#
##...#.# # ###
.###....#.# ..+
..........###.# ###
.###..........#
#.###..#.#######
#........#
#####.#### ##+ #
#@# #.. . #5#
#..#.# #.# #
#.#.#.## #.#
##.##....## #.#
#.##....... ..#
[........# ###
###<#.#.## #
##.......


You could see a white imp.

Vanquished Creatures
  4 gnolls (D:1)
  An adder (D:2)
  A dart slug (D:2)
  2 bats (D:1)
  11 endoplasms
  2 giant cockroaches
  A goblin (D:2)
  A hobgoblin (D:1)
  A quokka (D:2)
  2 ball pythons
  3 frilled lizards (D:1)
  4 kobolds
  3 rats
36 creatures vanquished.

Notes
Turn   | Place    | Note
-------+----------+-------------------------------------------
     0 | D:1      | 101zpm the Djinni Ice Elementalist began the quest for the
                  | Orb.
     0 | D:1      | Reached XP level 1. HP: 15/15 MP: 0/0
     6 | D:1      | Noticed a hog
     6 | D:1      | Noticed a wyvern
     6 | D:1      | Noticed an anaconda
     7 | D:1      | Noticed a redback
     7 | D:1      | Noticed a komodo dragon
   496 | D:1      | Reached XP level 2. HP: 20/21 MP: 0/0
   767 | D:1      | Found a faded altar of an unknown god.
  1291 | D:1      | Reached XP level 3. HP: 7/25 MP: 0/0
  1291 | D:1      | Learned a level 1 spell: Shock
  1294 | D:1      | Reached skill level 4 in Spellcasting
  1655 | D:1      | Reached XP level 4. HP: 19/31 MP: 0/0
  2487 | D:3      | Found a hide-covered altar of Uskayaw.
  2512 | D:3      | Found a broken altar of Ashenzari.
  2554 | D:3      | Slain by a white imp

Illustrated notes

Levels and vault maps discovered:
D:1:      onia_arrival_zoo_common, layout_basic, basic_ecumenical_altar
D:2:      layout_basic
D:3:      layout_loops_corners, mainiacjoe_overflow_concentric_impassable,
          ashenzari_altar_1, chequers_serial_rivers_micro_a,
          minmay_misc_feat_chi, uniq_terence, uniq_natasha

Skill      XL: |  1  2  3 |
---------------+----------+-----
Spellcasting   | 4 |  4.5
Maces & Flails | |  0.1
Dodging        | |  2.2
Stealth        | |  1.7

Action                   |  1- 3 |  4- 6 || total
-------------------------+-------+-------++-------
Melee: Unarmed           |     5 |       ||     5
       Punch             |     1 |       ||     1
       Whip              |     3 |    14 ||    17
 Cast: Freeze            |    29 |    22 ||    51
       Frozen Ramparts   |     1 |     1 ||     2
 Stab: Sleeping          |     2 |       ||     2
Armor: Robe              |     3 |     7 ||    10
Dodge: Dodged            |    21 |    13 ||    34
